AoeStats
← fabbiccio

MegaRandom

504262886Analyzed
3v3 RM · 27d ago on Sep 4, 2026· 52m 32s· 6 players
Game mode
Random Map
Map size
Normal (6 player)
Population
200
Speed
Normal
Resources
Standard
Victory
Conquest
Starting age
Dark Age
Ending age
Imperial Age
RankedLock teamsTeams togetherTeam positionsShared explorationLock speedFull tech treeHidden civsTurbo modeCheats
Victory
Defeat
🇻🇳 Spanish · Vietnam
1254
+13
🇹🇼 Celts · Taiwan
1221
+15
🇻🇳 Bulgarians · Vietnam
1201
+16
🇮🇳 Vietnamese · India
1194
-15
🇮🇳 Hindustanis · India
1193
-15
🇮🇳 Franks · India
1192
-14
板橋伐木工
0:28 Loom
11:50 Feudal Age
16:05 Castle Age
21:01 Double-Bit Axe
25:09 Horse Collar
25:43 Bow Saw
27:03 Gold Mining
28:18 Scale Mail Armor
33:53 Imperial Age
32:40 Fletching
33:18 Chain Mail Armor
33:52 Heavy Plow
34:36 Forging
34:13 Gambesons
33:51 Pikeman
35:11 Wheelbarrow
35:33 Conscription
36:23 Hand Cart
35:33 Halberdier
36:45 Plate Mail Armor
36:51 Iron Casting
36:12 Capped Ram
38:50 Town Watch
41:10 Blast Furnace
39:56 Arson
41:06 Siege Ram
43:39 Furor Celtica
LAOS GANGZ
0:38 Loom
14:31 Feudal Age
18:22 Castle Age
22:30 Double-Bit Axe
23:58 Bow Saw
25:11 Horse Collar
30:58 Wheelbarrow
30:18 Town Watch
35:38 Husbandry
37:38 Bloodlines
43:14 Imperial Age
41:07 Hand Cart
46:03 Elite Conquistador
51:01 Light Cavalry
52:51 Forging
52:46 Scale Barding Armor
52:41 Scale Mail Armor
VIETNAMESE GANGZ !!!
0:25 Loom
11:40 Feudal Age
17:49 Castle Age
15:44 Fletching
19:30 Wheelbarrow
24:47 Scale Barding Armor
24:54 Forging
25:31 Double-Bit Axe
27:23 Gold Mining
28:05 Scale Barding Armor
28:11 Forging
29:26 Gambesons
29:28 Horse Collar
31:00 Heavy Plow
32:34 Hand Cart
33:38 Iron Casting
33:23 Chain Barding Armor
33:16 Bloodlines
33:06 Husbandry
33:17 Bloodlines
33:23 Bodkin Arrow
37:05 Pikeman
37:45 Squires
45:44 Stone Mining
49:27 Imperial Age
47:28 Scale Mail Armor
51:13 Plate Barding Armor
50:05 Capped Ram
52:05 Bracer
52:08 Siege Ram
fabbiccio
8:55 Loom
10:47 Feudal Age
11:52 Double-Bit Axe
17:13 Scale Barding Armor
20:13 Wheelbarrow
21:23 Forging
25:20 Castle Age
23:33 Gold Mining
26:28 Bow Saw
26:29 Husbandry
26:51 Hand Cart
27:42 Chain Barding Armor
28:23 Gold Shaft Mining
31:18 Iron Casting
32:23 Fletching
37:56 Imperial Age
36:52 Bodkin Arrow
38:00 Cavalier
40:24 Plate Barding Armor
40:49 Blast Furnace
39:35 Paladin
50:49 Light Cavalry
52:40 Conscription
Chaman Zhinga
0:41 Loom
11:57 Feudal Age
12:27 Town Watch
13:00 Horse Collar
14:11 Man-at-Arms
16:04 Fletching
20:21 Padded Archer Armor
21:27 Gold Mining
24:47 Castle Age
23:49 Stone Mining
25:03 Crossbowman
25:33 Double-Bit Axe
27:29 Bow Saw
27:46 Bodkin Arrow
32:49 Leather Archer Armor
34:17 Thumb Ring
37:09 Imperial Age
35:57 Wheelbarrow
35:40 Leather Archer Armor
37:36 Ballistics
37:43 Hand Cart
37:29 Town Patrol
40:14 Two-Man Saw
39:33 Bracer
42:56 Chemistry
42:30 Ring Archer Armor
46:16 Elite Rattan Archer
Habibullal
0:37 Loom
12:31 Feudal Age
14:32 Double-Bit Axe
14:36 Horse Collar
21:20 Castle Age
20:48 Bloodlines
21:54 Scale Barding Armor
21:59 Forging
22:17 Heavy Plow
23:05 Husbandry
26:18 Gold Mining
29:16 Scale Mail Armor
29:53 Iron Casting
32:07 Wheelbarrow
31:18 Town Watch
35:21 Imperial Age
33:43 Gold Shaft Mining
33:01 Stone Mining
34:01 Padded Archer Armor
35:07 Leather Archer Armor
34:47 Light Cavalry
37:07 Chemistry
36:31 Conscription
38:24 Grand Trunk Road
39:02 Thumb Ring
39:24 Siege Engineers
40:32 Masonry
40:18 Murder Holes
40:51 Shatagni
42:05 Chain Barding Armor
42:18 Ring Archer Armor
41:39 Fletching
43:13 Hand Cart
48:02 Ballistics
47:52 Fortified Wall
Connection lost

Rejoining the realm…

Still unreachable

The connection could not be restored.

Session expired

The server has moved on; the page needs a fresh start.